AoeStats
← failingthehardway

Black Forest

510205391Analyzed
3v3 RM · 1d ago on Sep 29, 2026· 45m 8s· 6 players
Game mode
Random Map
Map size
Normal (6 player)
Population
200
Speed
Normal
Resources
Standard
Victory
Conquest
Starting age
Dark Age
Ending age
Imperial Age
RankedLock teamsTeams togetherTeam positionsShared explorationLock speedFull tech treeHidden civsTurbo modeCheats
Victory
Defeat
🇺🇸 Persians · United States
852
+15
🇨🇴 Italians · Colombia
808
+17
🇧🇷 Chinese · Brazil
760
+19
🇺🇸 Byzantines · United States
856
-20
🇺🇸 Koreans · United States
822
-17
🇺🇸 Romans · United States
800
-22
dfos17
5:45 Loom
10:51 Feudal Age
11:15 Horse Collar
11:29 Double-Bit Axe
11:32 Horse Collar
18:52 Castle Age
16:33 Man-at-Arms
18:39 Gold Mining
19:16 Forging
20:18 Bow Saw
20:22 Stone Mining
21:21 Wheelbarrow
21:10 Squires
22:15 Stone Shaft Mining
23:57 Long Swordsman
24:55 Scale Mail Armor
28:20 Hand Cart
31:29 Ballistics
31:55 Iron Casting
33:53 Imperial Age
35:17 Heavy Plow
36:22 Two-Man Saw
36:35 Chemistry
36:37 Blast Furnace
35:28 Fletching
35:14 Two-Handed Swordsman
39:17 Bodkin Arrow
kz
16:09 Feudal Age
17:25 Double-Bit Axe
17:24 Horse Collar
19:13 Stone Mining
29:34 Castle Age
31:04 Stone Shaft Mining
40:06 Heavy Plow
41:05 Gold Mining
44:27 Bow Saw
45:46 Gold Shaft Mining
Gomes
0:28 Loom
11:56 Feudal Age
15:20 Wheelbarrow
15:28 Wheelbarrow
19:02 Castle Age
17:15 Double-Bit Axe
17:29 Gold Mining
18:23 Fletching
20:09 Bow Saw
21:30 Gold Shaft Mining
21:33 Elite Skirmisher
23:26 Hand Cart
24:56 Pikeman
25:58 Bodkin Arrow
30:09 Town Watch
30:49 Stone Mining
36:37 Padded Archer Armor
39:26 Imperial Age
39:05 Stone Shaft Mining
39:54 Forging
Liquidm
14:27 Feudal Age
15:34 Double-Bit Axe
16:21 Gold Mining
15:58 Man-at-Arms
22:58 Castle Age
24:38 Stone Mining
25:26 Gold Shaft Mining
25:32 Crossbowman
26:36 Squires
27:00 Long Swordsman
27:01 Pikeman
29:56 Forging
29:37 Fletching
29:48 Padded Archer Armor
29:48 Scale Mail Armor
29:54 Scale Barding Armor
33:49 Elite Skirmisher
37:08 Iron Casting
36:48 Chain Mail Armor
36:53 Chain Barding Armor
36:29 Bodkin Arrow
36:49 Leather Archer Armor
40:20 Bow Saw
johnlee
11:22 Feudal Age
12:10 Double-Bit Axe
12:23 Horse Collar
15:35 Wheelbarrow
20:42 Castle Age
20:00 Gold Mining
20:10 Stone Mining
23:36 Hand Cart
23:08 Loom
24:55 Heavy Plow
25:08 Bow Saw
25:40 Loom
29:41 Thumb Ring
31:47 Fletching
35:10 Bodkin Arrow
39:19 Imperial Age
42:52 Two-Man Saw
42:25 Crop Rotation
42:37 Gold Shaft Mining
42:40 Stone Shaft Mining
41:51 Crossbowman
45:22 Forging
45:15 Bracer
44:52 Pikeman
failingthehardway
6:38 Loom
14:44 Feudal Age
15:56 Horse Collar
16:56 Town Watch
17:54 Wheelbarrow
19:29 Forging
19:12 Fletching
25:17 Town Watch
28:21 Castle Age
27:31 Double-Bit Axe
28:31 Man-at-Arms
30:20 Crossbowman
32:13 Bodkin Arrow
35:43 Thumb Ring
35:54 Heavy Plow
Connection lost

Rejoining the realm…

Still unreachable

The connection could not be restored.

Session expired

The server has moved on; the page needs a fresh start.